 Dungeon Crawl Stone Soup version 0.21.1-1-g345015f (webtiles) character file.

1848 tyranidshit the Fighter (level 8, -2/69 HPs)
             Began as a Demonspawn Abyssal Knight on July 31, 2018.
             Was a Priest of Lugonu.
             Slain by Pikel
             ... wielding a +1 whip of electrocution
              (20 damage)
             ... on level 8 of the Dungeon.
             The game lasted 00:12:03 (5063 turns).

tyranidshit the Fighter (Demonspawn Abyssal Knight) Turns: 5063, Time: 00:12:04

Health: -2/69      AC: 31    Str: 15    XL:     8   Next: 88%
Magic:  12/12      EV:  7    Int: 14    God:    Lugonu [***...]
Gold:   401        SH:  0    Dex: 12    Spells: 7/7 levels left

rFire    . . .     SeeInvis .   a - +1 hand axe
rCold    . . .     Gourm    .   (no shield)
rNeg     . . .     Faith    .   w - +0 chain mail
rPois    .         Spirit   .   h - +0 helmet
rElec    .         Reflect  .   (no cloak)
rCorr    .         Harm     .   f - +1 pair of gloves
MR       .....                  x - +0 pair of boots
Stlth    ..........             u - amulet of regeneration
HPRegen  0.61/turn              d - +5 ring of protection
MPRegen  0.13/turn              k - +3 ring of protection

@: sanguine armour
A: demonic guardian 1, sanguine armour 2
a: Depart the Abyss, Bend Space, Banish, Renounce Religion


You were on level 8 of the Dungeon.
You worshipped Lugonu.
Lugonu was most pleased with you.
You were not hungry.

You visited 2 branches of the dungeon, and saw 9 of its levels.
You visited the Abyss 1 time.

You collected 401 gold pieces.

Inventory:

Hand Weapons
 a - a +1 hand axe (weapon)
Armour
 f - a +1 pair of gloves (worn)
 h - a +0 helmet (worn)
 o - a +0 scale mail
 w - a +0 chain mail (worn)
 x - a +0 pair of boots (worn)
Jewellery
 d - a +5 ring of protection (left hand)
 i - an uncursed ring of see invisible
 k - a +3 ring of protection (right hand)
 u - an amulet of regeneration (around neck)
 v - an uncursed ring of fire
Wands
 p - a wand of random effects (28)
Scrolls
 b - a scroll of remove curse
 e - 6 scrolls of identify
 j - a scroll of magic mapping
 r - a scroll of amnesia
 s - 2 scrolls of fear
 t - a scroll of teleportation
Potions
 g - 2 potions of lignification
 l - a potion of brilliance
 m - 2 potions of curing
Books
 q - a book of Dreams

   Spells                             Type                      Level
   a - Ensorcelled Hibernation        Hexes/Ice                    2
   b - Borgnjor's Vile Clutch         Necromancy/Earth             5
   c - Silence                        Hexes/Air                    5
   d - Darkness                       Hexes                        6
   e - Shadow Creatures               Summoning                    6
Comestibles
 c - 8 rations


   Skills:
 - Level 8.5 Fighting
 - Level 1.7 Axes
 - Level 5.5 Armour
 - Level 0.8 Dodging
 * Level 6.0 Invocations
 * Level 4.0 Evocations


You had 7 spell levels left.
You didn't know any spells.

Dungeon Overview and Level Annotations

Branches:
Dungeon (8/15)             Temple (1/1) D:4
   Lair: D:8-11

Altars:
Ashenzari
Cheibriados
Dithmenos
Elyvilon
Fedhas
Gozag
Hepliaklqana
Kikubaaqudgha
Makhleb
Nemelex Xobeh
Okawaru
Qazlal
Ru
Sif Muna
Trog
Uskayaw
Vehumet
Wu Jian
Xom
Yredelemnul
Zin
The Shining One

Annotations:
D:8 Pikel


Innate Abilities, Weirdness & Mutations

A weak demonic guardian rushes to your aid.
When seriously injured, your bleeding wounds create thick armour. (AC +9)


Message History

Pikel hits you but does no damage. The slave hits you but does no damage.
Your iron imp closely misses the slave.
Unknown command.
You hit Pikel.
Pikel is moderately wounded.
You hit the slave. x2
You feel yourself slow down. The slave hits you.
Your white imp gestures at the slave.
The puff of frost hits the slave.
Pikel says, "I knew I should've brought a map."
Pikel hits you but does no damage.
You are electrocuted!
* * * LOW HITPOINT WARNING * * *
The slave hits you but does no damage.
Your iron imp closely misses the slave.
You closely miss Pikel.
Pikel is moderately wounded.
You hit the slave but do no damage. You hit the slave.
The slave closely misses you.
Your white imp barely misses the slave.
Pikel hits you but does no damage.
You are electrocuted!
You die...

.........#.....#
##.#######.######.#
# ##.# #.. ..# #.#
.... #.## .....
#...##
#####.##.#5..
#.#.##p##.###
#....5@Kpp..#
#...##p##.#.#
#..#.#o# #..##...
#..# #.## #>.# #...
#..# ##### ?..#
##.#


You could see Pikel, 4 slaves, an orc, a friendly iron imp and a friendly white
imp.

Vanquished Creatures
  Prince Ribbit (D:7)
  An orc warrior (D:8)
  A black bear (D:6)
  2 centaurs (D:6)
  4 bullfrogs
  A crimson imp (D:7)
  A hound (D:7)
  5 bullfrog skeletons
  A jelly (D:7)
  4 orc wizards
  Ijyb (D:5)
  An iguana (D:6)
  3 worker ants
  Robin (D:3)
  A howler monkey skeleton (D:8)
  3 worker ant zombies
  7 adders
  A shadow imp (D:6)
  An adder zombie (D:5)
  3 worms (D:2)
  2 dart slugs
  4 leopard geckos
  8 orcs
  7 bats
  4 giant cockroaches
  12 goblins
  7 hobgoblins
  8 jackals
  7 kobolds
  A quokka (D:6)
  A ball python (D:5)
  2 frilled lizards
  A leopard gecko zombie (D:5)
  2 rats
109 creatures vanquished.

Vanquished Creatures (collateral kills)
  The ghost of tyranidshit the Skirmisher, an amateur DsAK of Lugonu (D:4)
  Menkaure (D:4)
  A phantom (D:4)
  An ogre (D:5)
  A bullfrog (D:4)
  2 orc priests
  2 orc wizards
  Natasha (D:3)
  An iguana (D:4)
  A worm (D:4)
  2 orcs
  A ball python (D:4)
  A jackal (D:4)
  A frilled lizard (D:5)
17 creatures vanquished.

Grand Total: 126 creatures vanquished

Notes
Turn   | Place    | Note
-------+----------+-------------------------------------------
     0 | Abyss:1  | tyranidshit the Demonspawn Abyssal Knight began the quest for the Orb.
     0 | Abyss:1  | Reached XP level 1. HP: 18/18 MP: 2/2
    75 | Abyss:1  | Noticed a spatial vortex
    98 | Abyss:1  | Noticed a large abomination
   102 | Abyss:1  | Noticed a smoke demon
   103 | Abyss:1  | Noticed a wretched star
   103 | D:1      | Escaped the Abyss
   278 | D:1      | Gained mutation: A weak demonic guardian rushes to your aid. [demonic ancestry]
   278 | D:1      | Reached XP level 2. HP: 22/24 MP: 3/3
   548 | D:1      | Reached * piety under Lugonu
   668 | D:2      | Reached skill level 4 in Fighting
   726 | D:2      | Reached XP level 3. HP: 17/31 MP: 4/4
  1151 | D:3      | Reached XP level 4. HP: 38/38 MP: 5/5
  1211 | D:3      | Reached skill level 5 in Fighting
  1219 | D:3      | Noticed Robin
  1225 | D:3      | Reached ** piety under Lugonu
  1250 | D:3      | Killed Robin
  1488 | D:3      | Found a basalt altar of Yredelemnul.
  2013 | D:3      | Noticed Natasha
  2021 | D:3      | Killed Natasha
  2070 | D:4      | Noticed tyranidshit's ghost (amateur DsAK)
  2073 | D:4      | Gained mutation: When seriously injured, your bleeding wounds create armour. (AC +9) [demonic ancestry]
  2073 | D:4      | Reached XP level 5. HP: 45/46 MP: 6/6
  2089 | D:4      | Killed tyranidshit's ghost
  2089 | D:4      | Reached skill level 7 in Fighting
  2089 | D:4      | Gained mutation: When seriously injured, your bleeding wounds create thick armour. (AC +9) [demonic ancestry]
  2089 | D:4      | Reached XP level 6. HP: 37/55 MP: 7/7
  2146 | D:4      | Found a glowing silver altar of Zin.
  2242 | D:4      | Noticed Menkaure
  2282 | D:4      | Killed Menkaure
  2282 | D:4      | Reached skill level 8 in Fighting
  2282 | D:4      | Reached XP level 7. HP: 15/62 MP: 8/8
  2323 | D:4      | Found a hazy altar of Hepliaklqana.
  2555 | D:4      | Found a staircase to the Ecumenical Temple.
  2577 | Temple   | Entered the Ecumenical Temple
  2771 | D:5      | Entered Level 5 of the Dungeon
  2856 | D:5      | Noticed Ijyb
  2884 | D:5      | Killed Ijyb
  3025 | D:5      | Reached *** piety under Lugonu
  3349 | D:6      | Found a glowing golden altar of the Shining One.
  3424 | D:6      | Reached XP level 8. HP: 50/69 MP: 9/9
  3425 | D:6      | Found a burning altar of Makhleb.
  3425 | D:6      | Found a blossoming altar of Fedhas.
  3491 | D:6      | Reached skill level 5 in Armour
  3628 | D:6      | Reached skill level 1 in Evocations
  3972 | D:6      | Found a shadowy altar of Dithmenos.
  4143 | D:7      | Noticed Prince Ribbit
  4174 | D:7      | Killed Prince Ribbit
  4174 | D:7      | Reached skill level 5 in Invocations
  5047 | D:8      | Noticed Pikel
  5063 | D:8      | Slain by Pikel

Skill      XL: |  1  2  3  4  5  6  7  8 |
---------------+-------------------------+-----
Fighting       | 4 5 7 8 |  8.5
Armour         | 4 5 |  5.5
Invocations    | 6 |  6.0
Evocations     | 4 |  4.0
Axes           | |  1.7
Dodging        | |  0.8

Action                   |  1- 3 |  4- 6 |  7- 9 || total
-------------------------+-------+-------+-------++-------
Melee: Hand axe          |   104 |   115 |   332 ||   551
Invok: Depart the Abyss  |     1 |       |       ||     1
  Use: Potion            |     1 |     3 |     6 ||    10
       Scroll            |     5 |     2 |     4 ||    11
 Stab: Distracted        |       |     1 |     2 ||     3
  Eat: Ration            |     1 |     1 |     3 ||     5
Armor: Leather armour    |    58 |    84 |    29 ||   171
       Scale mail        |       |       |   221 ||   221
       Chain mail        |       |       |    14 ||    14
Dodge: Dodged            |    72 |    95 |   181 ||   348
